 Dungeon Crawl Stone Soup version 0.29.0-10-g45618ea6d2 (webtiles) character file.

Game seed: 16710935669120631447

487 blackman the Chopper (level 6, -12/47 HPs)
             Began as a Demonspawn Fighter on Sept 1, 2022.
             Was an Initiate of Gozag.
             Mangled by a shadow wraith (13 damage)
             ... created by the anger of Yredelemnul
             ... on level 5 of the Dungeon.
             The game lasted 00:11:12 (4574 turns).

blackman the Chopper (Demonspawn Fighter)           Turns: 4574, Time: 00:11:13

Health: -12/47     AC: 11    Str: 19    XL:     6   Next: 89%
Magic:  0/6        EV:  3    Int:  9    God:    Gozag
Gold:   224        SH:  8    Dex: 12    Spells: 5/5 levels left

rFire   . . .      SeeInvis .   a - +0 war axe
rCold   . . .      Faith    .   d - +0 kite shield
rNeg    . . .      Spirit   +   r - +0 plate armour
rPois   .          Reflect  .   (no helmet)
rElec   .          Harm     .   (no cloak)
rCorr   .          Rampage  .   (no gloves)
Will    .....                   (no boots)
Stlth   ..........              n - amulet of guardian spirit
HPRegen 0.15/turn               (no ring)
MPRegen 0.10/turn               (no ring)

@: slowed, very slow
A: ignite blood 2, weakness stinger 2
a: Renounce Religion, Potion Petition, Call Merchant, Bribe Branch


You were on level 5 of the Dungeon.
You worshipped Gozag.
Gozag was aware of your devotion.
You visited 2 branches of the dungeon, and saw 6 of its levels.

You collected 294 gold pieces.
You paid 70 gold pieces to Gozag.

Inventory:

Hand Weapons
 a - a +0 war axe (weapon)
Armour
 b - a +0 scale mail
 c - a +0 buckler
 d - a +0 kite shield (worn)
 i - an orb of light
 r - a +0 plate armour (worn)
Jewellery
 e - an amulet of the acrobat
 g - a ring of flight
 n - an amulet of guardian spirit (around neck)
 q - a ring of fire
Scrolls
 k - 3 scrolls of identify
 l - 2 scrolls of butterflies {unknown}
 m - a scroll of enchant armour
 o - 2 scrolls of teleportation {unknown}
 p - a scroll of magic mapping {unknown}
 t - a scroll of brand weapon {unknown}
 u - a scroll of noise {unknown}
 v - a scroll of fear {unknown}
Potions
 f - 2 potions of ambrosia {unknown}
 h - a potion of flight {unknown}
 j - a potion of curing
 s - a potion of mutation {unknown}


   Skills:
 - Level 3.0 Fighting
 + Level 6.9 Axes
 - Level 2.6 Armour
 - Level 2.6 Shields


You had 5 spell levels left.
You didn't know any spells.
Your spell library was empty.

Dungeon Overview and Level Annotations

Branches:
Dungeon (5/15)             Temple (1/1) D:4

Altars:
Cheibriados
Dithmenos
Gozag
Makhleb
Nemelex Xobeh
Qazlal
Ru
Sif Muna
Vehumet
Wu Jian
Xom
Yredelemnul

Annotations:
D:4 1 runed translucent door, Monkooky's ghost, amateur DsWn
Temple 4 transporters


Innate Abilities, Weirdness & Mutations

Your demonic aura often causes spilled blood to erupt in flames.
You have a tail ending in a sharp stinger.


Message History

Yredelemnul sends servants to punish you.
A vampire comes into view.
You start resting.
A vampire is nearby!
You start resting.
A vampire is nearby!
You slash the vampire!
The vampire is moderately damaged.
You miss something.
The vampire is engulfed in blazing flames.
The vampire mumbles some strange words.
The vampire flickers and vanishes!
Deactivating autopickup; reactivate with Ctrl-A.
Something hits you! Something drains your vigour!
You feel yourself slow down.
No target in view!
No target in view!
No target in view!
No target in view!
No target in view!
No target in view!
No target in view!
No target in view!
No target in view!
Unknown command.
You closely miss something. You hit something. You block something's attack.
Something bites you.
Something draws strength from your injuries!
Something hits you!
* * * LOW HITPOINT WARNING * * *
Something drains your vigour!
You feel as though you will be slow longer.
Reactivating autopickup.
Something hits you!
* * * LOW HITPOINT WARNING * * *
Something drains your vigour!
You feel as though you will be slow longer.
Deactivating autopickup; reactivate with Ctrl-A.
Something hits you!
You die...
Your body crumbles into a pile of gold.

############
#..........#
#☼○☼.......+
#@.........#
#..........#
#..........#
#..........#
#..........###
..............#
>......#.......#
...............###
#
...............)$#
.


There were no monsters in sight!

Vanquished Creatures
  Grinder (D:4)
  2 vampires (D:5)
  A scorpion (D:4)
  A hound (D:5)
  An orc priest (D:5)
  Jessica (D:3)
  Robin (D:2)
  4 adders
  A worm (D:4)
  A dart slug (D:3)
  4 orcs
  3 endoplasms
  4 giant cockroaches
  10 goblins
  8 hobgoblins
  3 jackals (D:1)
  5 quokkas
  5 ball pythons
  8 bats
  4 frilled lizards
  3 kobolds
  An orc zombie (D:4)
  4 rats
76 creatures vanquished.

Vanquished Creatures (collateral kills)
  An adder (D:2)
  An orc (D:3)
  An endoplasm (D:4)
  A goblin (D:3)
  A bat (D:3)
5 creatures vanquished.

Vanquished Creatures (others)
  A bat zombie (D:3)
  2 ball python zombies (D:3)
  4 goblin zombies (D:2)
  2 demonic plants (D:1)
  10 plants (D:3)
  2 withered plants (D:4)
21 creatures vanquished.

Grand Total: 102 creatures vanquished

Notes
Turn   | Place    | Note
-------+----------+-------------------------------------------
     0 | D:1      | blackman the Demonspawn Fighter began the quest for the
                  | Orb.
     0 | D:1      | Reached XP level 1. HP: 18/18 MP: 1/1
   164 | D:1      | Reached skill level 2 in Axes
   264 | D:1      | Discovered your monstrous ancestry.
   264 | D:1      | Gained mutation: You have a small tail. [demonic ancestry]
   264 | D:1      | Reached XP level 2. HP: 22/24 MP: 2/2
   737 | D:1      | Found a faded altar of an unknown god.
   737 | D:1      | Noticed a balrug
   811 | D:1      | Prayed at the altar of an unknown god.
   811 | D:1      | Became a worshipper of Yredelemnul the Dark
   811 | D:1      | Reached * piety under Yredelemnul
  1058 | D:2      | Reached skill level 3 in Axes
  1425 | D:2      | Reached XP level 3. HP: 19/29 MP: 3/3
  1846 | D:2      | Noticed Robin
  1853 | D:2      | Reached ** piety under Yredelemnul
  1862 | D:2      | Killed Robin
  1863 | D:2      | Gained mutation: You have a tail ending in a sharp stinger.
                  | [demonic ancestry]
  1863 | D:2      | Reached XP level 4. HP: 14/35 MP: 4/4
  1864 | D:2      | Reached skill level 4 in Axes
  2592 | D:3      | Found a shimmering altar of Xom.
  2597 | D:3      | Found a shimmering altar of Xom.
  2598 | D:3      | Found a shimmering altar of Xom.
  2598 | D:3      | Found a shimmering altar of Xom.
  2602 | D:3      | Found a shimmering altar of Xom.
  2602 | D:3      | Found a shimmering altar of Xom.
  2604 | D:3      | Found a shimmering altar of Xom.
  2706 | D:3      | Noticed Jessica
  2708 | D:3      | Killed Jessica
  2933 | D:3      | Gained mutation: Your demonic aura sometimes causes spilled
                  | blood to erupt in flames. [demonic ancestry]
  2933 | D:3      | Reached XP level 5. HP: 41/41 MP: 5/5
  3208 | D:4      | Noticed Grinder
  3212 | D:4      | Paralysed by Grinder for 5 turns
  3222 | D:4      | Killed Grinder
  3223 | D:4      | Reached skill level 6 in Axes
  3223 | D:4      | Gained mutation: Your demonic aura often causes spilled
                  | blood to erupt in flames. [demonic ancestry]
  3223 | D:4      | Reached XP level 6. HP: 38/47 MP: 4/6
  3499 | D:4      | Found a staircase to the Ecumenical Temple.
  3530 | Temple   | Entered the Ecumenical Temple
  3530 | Temple   | Found a transporter.
  3530 | Temple   | Found a transporter.
  3532 | Temple   | Found a transporter.
  3532 | Temple   | Found a transporter.
  3546 | Temple   | Fell from the grace of Yredelemnul
  3549 | Temple   | Became a worshipper of Gozag Ym Sagoz the Greedy
  3590 | D:4      | Found a runed translucent door.
  3591 | D:4      | Noticed Monkooky's ghost (amateur DsWn)
  4077 | D:5      | Entered Level 5 of the Dungeon
  4391 | D:5      | Noticed a vampire
  4401 | D:5      | Killed a vampire
  4571 | D:5      | Noticed a vampire
  4573 | D:5      | Killed a vampire
  4573 | D:5      | HP: 1/47 [something (13)]
  4574 | D:5      | Mangled by a shadow wraith

Illustrated notes

Levels and vault maps discovered:
D:1:      scummos_arrival_star, layout_basic,
          dreamdust_ecumenical_altar_sealed_demon, grunt_decor_junction
D:2:      layout_basic, uniq_robin
D:3:      layout_rooms, nicolae_xom_altar_mimics, serial_bayou_pond_c,
          uniq_jessica
D:4:      layout_basic, temple_pool_b, gammafunk_ghost_grave, uniq_grinder
D:5:      layout_basic, trog_hazing_becter, nicolae_overflow_hidden_temple
Temple:   hellmonk_temple_divided_pantheon

Skill      XL: |  1  2  3  4  5 |
---------------+----------------+-----
Axes           | 2 3 4 6 |  6.9
Fighting       | |  3.0
Armour         | |  2.6
Shields        | |  2.6

Action                   |  1- 3 |  4- 6 || total
-------------------------+-------+-------++-------
Melee: War axe           |    85 |   146 ||   231
       Tailslap          |     4 |    21 ||    25
Invok: Recall Undead Har |     1 |     2 ||     3
       Renounce Religion |       |     1 ||     1
  Use: Scroll            |       |     1 ||     1
       Potion            |       |     1 ||     1
Armor: Scale mail        |    68 |    13 ||    81
       Plate armour      |       |    58 ||    58
Dodge: Dodged            |    64 |    32 ||    96
Block: Buckler           |    26 |    19 ||    45
       Kite shield       |       |    20 ||    20
